 Dungeon Crawl Stone Soup version 0.25-a0-346-g140ab784a8 (webtiles) character file.

Game seed: 9252039450043318151, levelgen mode: deterministic

120 Lanoc the Skirmisher (level 4, -4/35 HPs)
             Began as a Mummy Chaos Knight on Dec 31, 2019.
             Was a Plaything of Xom.
             Slain by an orc
             ... wielding a +1 hand axe of electrocution
              (17 damage)
             ... on level 3 of the Dungeon.
             The game lasted 00:02:52 (1746 turns).

Lanoc the Skirmisher (Mummy Chaos Knight)           Turns: 1746, Time: 00:02:54

Health: -4/35      AC:  5    Str: 15    XL:     4   Next: 75%
Magic:  4/4        EV: 11    Int: 15    God:    Xom [*.....]
Gold:   188        SH:  3    Dex: 12    Spells: 3/3 levels left

rFire    x . .     SeeInvis .   a - +0 mace (chaos)
rCold    + . .     Gourm    .   e - +0 buckler
rNeg     + + +     Faith    .   g - +2 leather armour
rPois    ∞         Spirit   .   (no helmet)
rElec    .         Reflect  .   (no cloak)
rCorr    .         Harm     .   (no gloves)
MR       .....                  (no boots)
Stlth    +.........             (no amulet)
HPRegen  0.11/turn              c - +4 ring of intelligence
MPRegen  0.09/turn              (no ring)

@: no status effects
A: no food or potions, fire vulnerability, cold resistance 1, negative energy
resistance 3, torment resistance, unbreathing
a: Renounce Religion


You were on level 3 of the Dungeon.
You worshipped Xom.
You were a special plaything of Xom.
You were not hungry.

You visited 1 branch of the dungeon, and saw 3 of its levels.

You collected 188 gold pieces.

Inventory:

Hand Weapons
 a - a +0 mace of chaos (weapon)
 b - a +0 hunting sling
Missiles
 i - 81 stones (quivered)
Armour
 e - a +0 buckler (worn)
 g - a +2 leather armour (worn)
Jewellery
 c - a +4 ring of intelligence (left hand)
 m - an uncursed ring of flight
Scrolls
 d - 7 scrolls of identify {unknown}
 f - a scroll of remove curse {unknown}
 h - a scroll of noise {unknown}
 j - a scroll of blinking {unknown}
 k - a scroll of enchant armour {unknown}
 l - a scroll of amnesia {unknown}


   Skills:
 + Level 3.5 Fighting
 * Level 3.3 Maces & Flails
 + Level 2.2 Armour
 + Level 1.6 Dodging
 + Level 1.0 Shields


You had 3 spell levels left.
You didn't know any spells.
Your spell library was empty.

Dungeon Overview and Level Annotations

Branches:
Dungeon (3/15)

Altars:


Innate Abilities, Weirdness & Mutations

You do not eat or drink.
Your flesh is vulnerable to fire.
You are immune to poison.
Your flesh is cold resistant. (rC+)
You are immune to negative energy. (rN+++)
You are immune to unholy pain and torment.
You can survive without breathing.


Message History

The adder is severely wounded.
The adder closely misses you.
You barely miss the adder.
The adder is severely wounded.
The adder bites you. The adder barely misses you.
You barely miss the adder.
The adder is severely wounded.
The adder bites you but does no damage. x2
You hit the adder.
You kill the adder!
Your Shields skill increases to level 1!
The orc hits you with a +1 hand axe of electrocution.
You are electrocuted!
A shower of butterflies erupts from you!
You are too injured to fight recklessly!
You are too injured to fight recklessly!
You hit the orc. You burn the orc.
The orc is severely wounded.
The orc hits you but does no damage.
You are electrocuted!
You die...

......≈ ....... ......≈
.....≈≈ ......≈ .......
#####
......l###.b.############
......oo@bbb.'...........
.......###...############
....... #...# .......
#...# ....... #####
....... ....... .......


You could see 2 orcs and a leopard gecko.

Vanquished Creatures
  Terence (D:2)
  4 adders
  A dart slug (D:2)
  5 leopard geckos
  6 bats
  A giant cockroach (D:1)
  5 goblins
  6 hobgoblins
  2 jackals (D:2)
  6 frilled lizards
  10 kobolds
  10 rats
57 creatures vanquished.

Notes
Turn   | Place    | Note
-------+----------+-------------------------------------------
     0 | D:1      | Lanoc the Mummy Chaos Knight began the quest for the Orb.
     0 | D:1      | Reached XP level 1. HP: 18/18 MP: 1/1
    39 | D:1      | Reached skill level 1 in Dodging
    46 | D:1      | Reached XP level 2. HP: 17/24 MP: 2/2
   455 | D:1      | XOM: harmless Conj miscast
   571 | D:1      | Reached XP level 3. HP: 29/29 MP: 3/3
   619 | D:2      | XOM: confusion
   959 | D:2      | Noticed Terence
   973 | D:2      | Killed Terence
   973 | D:2      | Reached XP level 4. HP: 15/35 MP: 4/4
  1304 | D:2      | XOM: 1-stop teleportation journey
  1619 | D:2      | XOM is BORED!
  1619 | D:2      | XOM: chaos upgrade
  1745 | D:3      | Reached skill level 1 in Shields
  1745 | D:3      | XOM: butterfly on damage
  1746 | D:3      | Slain by an orc

Levels and vault maps discovered:
D:1:      dpeg_arrival_tiny_g, layout_basic, minmay_misc_feat_plants
D:2:      layout_basic, first_ration, uniq_terence
D:3:      layout_basic, chequers_ecumenical_altar_island, st_stairs_9

Skill      XL: |  1  2  3  4 |
---------------+-------------+-----
Dodging        | 1 |  1.6
Armour         | 2 |  2.2
Maces & Flails | 3 |  3.3
Shields        | 1 |  1.0
Fighting       | |  3.5

Action                   |  1- 3 |  4- 6 || total
-------------------------+-------+-------++-------
Melee: Mace              |    83 |    67 ||   150
 Fire: Hunting sling     |       |    27 ||    27
Armor: Leather armour    |    40 |    24 ||    64
Dodge: Dodged            |    60 |    57 ||   117
Block: Buckler           |     9 |    12 ||    21

Table legend:
 A = Non-vault XP
 B = Vault XP
 C = Vault XP percentage of total XP
 D = Non-vault monster count
 E = Vault monster count
 F = Vault count percentage of total count
                 A         B        C        D         E       F
            +---------+---------+-------+---------+---------+-------
      Total |     134 |      38 |  22.1 |      56 |       1 |   1.8
            +---------+---------+-------+---------+---------+-------
        D:1 |      41 |       0 |   0.0 |      27 |       0 |   0.0
        D:2 |      76 |      38 |  33.3 |      26 |       1 |   3.7
        D:3 |      17 |       0 |   0.0 |       3 |       0 |   0.0
            +---------+---------+-------+---------+---------+-------
